 Dungeon Crawl Stone Soup version 0.28.0-53-g5a82cb258f (webtiles) character file.

Game seed: 12477274922607727140

163703 DungeonHerbert the Executioner (level 17, -2/150 (158) HPs)
             Began as a Hill Orc Fighter on June 13, 2022.
             Was a Priest of Uskayaw.
             Slain by a spark wasp (4 damage)
             ... on level 4 of the Spider Nest on June 26, 2022.
             The game lasted 02:12:31 (42720 turns).

DungeonHerbert the Executioner (Hill Orc Fighter)  Turns: 42720, Time: 02:12:32

HP:   -2/150 (158)  AC: 26    Str: 32 (33) XL:     17   Next: 84%
MP:   7/27          EV:  6    Int:  8      God:    Uskayaw [***...]
Gold: 2567          SH:  0    Dex: 12 (14) Spells: 16/16 levels left

rFire   + . .      SeeInvis .   L - +4 executioner's axe of Disembowelment {venom, Will+ Dex+4 Stlth+}
rCold   + . .      Faith    .   (shield currently unavailable)
rNeg    + . .      Spirit   .   v - +2 plate armour {rN+}
rPois   +          Reflect  +   n - +2 helmet
rElec   +          Harm     .   C - scarf {rC+ rF+}
rCorr   .          Rampage  .   Y - +2 pair of gloves {infuse}
Will    ++...                   x - +1 pair of boots
Stlth   ..........              V - amulet of reflection
HPRegen 0.35/turn               s - ring of Knowledge {rElec Str+6}
MPRegen 0.20/turn               r - ring of poison resistance

@: held, studying Short Blades, drained
A: low MP 1
a: Renounce Religion, Stomp, Line Pass


You were on level 4 of the Spider Nest.
You worshipped Uskayaw.
Uskayaw was most pleased with you.
You visited 5 branches of the dungeon, and saw 28 of its levels.
You also visited: Sewer, Bailey, Gauntlet and Ice Cave.

You collected 2847 gold pieces.
You spent 280 gold pieces at shops.

Inventory:

Hand Weapons
 c - a +1 vampiric broad axe
 H - a +7 vorpal broad axe
 L - the +4 executioner's axe of Disembowelment (weapon) {venom, Will+ Dex+4 Stlth+}
   (You acquired it on level 8 of the Dungeon)

   It poisons the flesh of those it strikes.
   Dex:       It affects your dexterity (+4).
   Will:      It increases your willpower.
   Stlth:     It makes you more stealthy.
 N - the +5 battleaxe of Vanity {speed, MP+9}
   (You found it in a bailey)

   Attacks with this weapon are significantly faster.
   MP:        It affects your magic capacity (+9).
Missiles
 U - 2 throwing nets (quivered)
Armour
 n - a +2 helmet (worn)
 v - a +2 plate armour of positive energy (worn)
 x - a +1 pair of boots (worn)
 C - a scarf of resistance (worn)
 P - a +2 kite shield of fire resistance
 Y - a +2 pair of gloves of infusion (worn)
Jewellery
 g - a ring of protection from cold
 j - an amulet of regeneration
 r - a ring of poison resistance (right hand)
 s - the ring of Knowledge (left hand) {rElec Str+6}
   (You found it on level 3 of the Dungeon)

   [ring of strength]

   Str:       It affects your strength (+6).
   rElec:     It insulates you from electricity.
 B - a ring of resist corrosion
 I - a ring of protection from cold
 R - a ring of protection from fire
 T - a ring of flight
 V - an amulet of reflection (around neck)
Wands
 b - a wand of digging (4)
 i - a wand of iceblast (10)
 l - a wand of flame (9)
 p - a wand of mindburst (4)
 G - a wand of polymorph (21)
Scrolls
 a - a scroll of holy word
 d - 2 scrolls of enchant armour
 e - a scroll of magic mapping
 f - 7 scrolls of identify
 q - 3 scrolls of blinking
 y - 7 scrolls of teleportation
 J - 7 scrolls of fear
 K - 4 scrolls of fog
Potions
 h - 3 potions of haste
 k - 9 potions of mutation
 t - 8 potions of curing
 z - 2 potions of flight
 A - a potion of might
 F - 2 potions of resistance
 W - 3 potions of heal wounds
Miscellaneous
 m - a condenser vane
 u - a phial of floods
 Z - a lightning rod (4/4)


   Skills:
 + Level 16.1 Fighting
 + Level 24.8 Axes
 + Level 10.5 Armour
 + Level 7.5 Dodging
 - Level 8.9 Shields
 * Level 19.9 Invocations


You had 16 spell levels left.
You didn't know any spells.
Your spell library contained the following spells:

 Spells                   Type           Power      Damage    Failure   Level
 Beastly Appendage        Tmut           0%         N/A       95%         1
 Magic Dart               Conj           0%         1d3       95%         1
 Summon Small Mammal      Summ           0%         N/A       95%         1
 Blink                    Tloc           0%         N/A       99%         2
 Call Imp                 Summ           0%         N/A       99%         2
 Corpse Rot               Necr/Air       0%         N/A       99%         2
 Ensorcelled Hibernation  Hex/Ice        0%         N/A       99%         2
 Passwall                 Tmut/Erth      0%         N/A       99%         2
 Searing Ray              Conj           0%         2d4       99%         2
 Static Discharge         Conj/Air       0%         N/A       99%         2
 Sublimation of Blood     Necr           0%         N/A       99%         2
 Call Canine Familiar     Summ           0%         N/A       100%        3
 Confusing Touch          Hex            0%         N/A       100%        3
 Gell's Gravitas          Tloc           0%         N/A       100%        3
 Ignite Poison            Fire/Tmut/Pois 0%         N/A       100%        3
 Mephitic Cloud           Conj/Pois/Air  0%         N/A       100%        3
 Portal Projectile        Hex/Tloc       0%         N/A       100%        3
 Stone Arrow              Conj/Erth      0%         3d7       100%        3
 Summon Guardian Golem    Hex/Summ       0%         N/A       100%        3
 Swiftness                Air            0%         N/A       100%        3
 Animate Armour           Summ/Erth      0%         N/A       100%        4
 Dispel Undead            Necr           0%         3d6       100%        4
 Leda's Liquefaction      Hex/Erth       0%         N/A       100%        4
 Petrify                  Tmut/Erth      0%         N/A       100%        4
 Sticky Flame             Conj/Fire      0%         2d3       100%        4
 Alistair's Intoxication  Tmut/Pois      0%         N/A       100%        5
 Blade Hands              Tmut           0%         N/A       100%        5
 Borgnjor's Vile Clutch   Necr/Erth      0%         N/A       100%        5
 Freezing Cloud           Conj/Ice/Air   0%         6-21      100%        5
 Irradiate                Conj/Tmut      0%         3d14      100%        5
 Lee's Rapid Deconstruct  Erth           0%         3d5*      100%        5
 Metabolic Englaciation   Hex/Ice        0%         N/A       100%        5
 Yara's Violent Unravell  Hex/Tmut       0%         3d3       100%        5
 Conjure Ball Lightning   Conj/Air       0%         3x3d6     100%        6
 Death Channel            Necr           0%         N/A       100%        6
 Eringya's Noxious Bog    Tmut/Pois      0%         N/A       100%        6
 Simulacrum               Ice/Necr       0%         N/A       100%        6
 Statue Form              Tmut/Erth      0%         N/A       100%        6
 Dragon Form              Tmut           0%         N/A       100%        7
 Enfeeble                 Hex            0%         N/A       100%        7
 Orb of Destruction       Conj           0%         9d5       100%        7
 Spellforged Servitor     Conj/Summ      0%         N/A       100%        7
 Discord                  Hex            0%         N/A       100%        8
 Disjunction              Tloc           0%         N/A       100%        8
 Lehudib's Crystal Spear  Conj/Erth      0%         10d2      100%        8
 Polar Vortex             Ice            0%         N/A       100%        9


Dungeon Overview and Level Annotations

Branches:
Dungeon (15/15)            Temple (1/1) D:6            Lair (6/6) D:10
 Shoals (0/4) Lair:2       Spider (4/4) Lair:3        Slime (0/5) Lair:5
    Orc (2/2) D:10            Elf (0/3) Orc:2        Vaults (0/5) D:13
 Depths (0/4) D:15          Sewer (visited)          Bailey (visited)
  IceCv (visited)         Gauntlet (visited)

Altars:
Ashenzari
Cheibriados
Dithmenos
Elyvilon
Fedhas
Gozag
Hepliaklqana
Kikubaaqudgha
Makhleb
Nemelex Xobeh
Okawaru
Qazlal
Ru
Sif Muna
Trog
Uskayaw
Vehumet
Wu Jian
Xom
Yredelemnul
Zin
The Shining One
Beogh
Jiyva

Shops:
D:10 (   Orc:2 =!*

Portals:
Pandemonium: Orc:2

Annotations:
D:9 2 transporters, spica's ghost, journeyman GrEE
D:10 3 runed translucent doors, exclusion: downstairs, jaiteiro's ghost, novice GnCj
D:14 2 runed translucent doors, exclusion: downstairs, Ytheofip's ghost, journeyman FoFi
Lair:3 1 runed translucent door, PentaManta's ghost, journeyman MfTm
Lair:5 1 runed translucent door


Innate Abilities, Weirdness & Mutations

Your magical capacity is low. (-10% MP)


Message History

* * * LOW HITPOINT WARNING * * *
The radroach claws you but does no damage.
The redback barely misses you.
You are caught in the web!
You feel you are being watched by something.
You feel your power leaking away.
There is a web here.
You struggle to detach yourself from the web.
The redback bites you but does no damage.
The radroach bites you!
* * * LOW HITPOINT WARNING * * *
The radroach barely misses you. The redback bites you!
* * * LOW HITPOINT WARNING * * *
Unknown command.
You are too confused!
You feel much better.
The redback bites you but does no damage.
The radroach bites you but does no damage.
The radroach claws you but does no damage.
You feel much better.
The redback bites you but does no damage.
The spark wasp stings you but does no damage.
The radroach bites you but does no damage.
The radroach claws you but does no damage.
The redback bites you but does no damage.
The spark wasp stings you.
* * * LOW HITPOINT WARNING * * *
The spark wasp shocks you. You resist.
* * * LOW HITPOINT WARNING * * *
Your magical effects are unravelling.
You feel magically purged.
You feel less confused.
The redback bites you but does no damage.
The radroach bites you!
* * * LOW HITPOINT WARNING * * *
The radroach claws you but does no damage.
The spark wasp stings you!!
* * * LOW HITPOINT WARNING * * *
The spark wasp shocks you. You resist.
You die...

#..≈.^..≈....## #..^........^^^
##.......[....^^
#.............^. #####
##..........^.... ## ##^≈.###
##.......^..^.....
.^^##≈...^.####..^..^≈^#########
....≈.......^########.....^.^≈..
..^.........^^y@^..^...........^
.......$....#^sB..........^.....
^≈............†.......).........
#^..≈^≈.....#^†............≈..^.
..#####...^^.≈.........≈.^.#####
. ########^^^..^^^.#####^≈.^
########≈....^^...^
#^^...^.^..........
##...............^^


You could see a radroach (very poisoned), a spark wasp and a redback (very
poisoned).

Vanquished Creatures
  Jorgrun (Spider:2)
  2 emperor scorpions
  4 ghost moths
  A broodmother (Spider:4)
  A reaper (IceCv)
  4 entropy weavers
  Azrael (Orc:2)
  A minotaur (Gauntlet)
  A spark wasp (Spider:2)
  2 dire elephants (Spider:1)
  Snorg (Lair:4)
  An ettin (Orc:2)
  12 hydras
  A great orb of eyes (Gauntlet)
  2 jorogumos
  2 demonspawn (Orc:2)
  2 boulder beetles
  3 centaur warriors
  2 tengu warriors (D:14)
  4 two-headed ogres
  6 orc high priests (Orc:2)
  A titan zombie (D:15)
  A deep elf knight (Spider:1)
  Nergalle (Lair:4)
  A sun moth (Spider:4)
  2 skeletal warriors (D:15)
  A goliath frog (Lair:6)
  A deep troll (shapeshifter) (D:13)
  A golden dragon zombie (D:15)
  A deep troll (D:13)
  7 pharaoh ants
  6 steelbarb worms
  8 orb spiders
  An obsidian statue (D:14)
  A deep elf archer (Spider:1)
  A lindwurm (Lair:6)
  A necromancer (D:15)
  A wizard (D:15)
  2 phantasmal warriors
  Pikel (D:8)
  A deep elf pyromancer (D:12)
  8 orc knights
  A stone giant zombie (D:15)
  23 wolf spiders
  5 cyclopes
  5 ugly things
  7 slime creatures
  7 orc sorcerers
  2 merfolk sirens (Lair:2)
  Maurice (Orc:2)
  2 moths of wrath
  4 black mambas
  2 torpor snails
  2 ice statues (IceCv)
  A gargoyle (D:14)
  An unseen horror (D:11)
  An efreet (D:11)
  An orange demon (Orc:2)
  6 demonic crawlers
  3 kobold demonologists
  28 cane toads
  5 rime drakes
  10 komodo dragons
  7 ice devils (IceCv)
  3 entropy weaver simulacra (IceCv)
  A freezing wraith (D:15)
  A yaktaur (shapeshifter) (D:13)
  3 anaconda simulacra (IceCv)
  A hellwing (Orc:2)
  A red devil (Orc:2)
  2 merfolk (Lair:2)
  3 polar bears
  2 trolls
  13 meliai
  3 tyrant leeches (Lair:6)
  34 tarantellas
  49 blink frogs
  An ettin zombie (D:15)
  27 jumping spiders
  A meliai zombie (D:11)
  A jumping spider (shapeshifter) (D:13)
  21 culicivoras
  3 centaur simulacra
  A water elemental (D:11)
  3 dire elephant simulacra (IceCv)
  39 yaks
  5 wyverns
  Grum (D:8)
  3 wraiths
  3 fire elementals (Orc:2)
  3 basilisks
  49 redbacks
  A chaos spawn (Orc:2)
  Menkaure (D:7)
  3 wargs
  21 vampire mosquitoes
  A harpy simulacrum (IceCv)
  3 acid dragons
  5 hell hounds
  12 water moccasins
  A hornet zombie (D:7)
  32 orc warriors
  2 black bears
  An ice dragon simulacrum (Gauntlet)
  2 necrophages (D:6)
  An ice beast (D:6)
  3 boggarts (D:15)
  6 ogres
  A phantom (D:5)
  12 wolves
  A centaur (D:9)
  25 bullfrogs
  3 kobold brigands
  A gnoll sergeant (D:13)
  2 scorpions
  A wyvern zombie (D:5)
  2 water moccasin skeletons
  2 elephant simulacra (IceCv)
  18 killer bees
  5 wights (D:10)
  13 howler monkeys
  18 electric eels
  4 centaur zombies
  5 hounds
  5 jellies
  Crazy Yiuf (D:3)
  2 gnoll shamans
  34 orc priests
  Terence (D:2)
  A bullfrog skeleton (D:4)
  15 orc wizards
  Natasha (thrice) (D:3)
  3 iguanas
  A hound skeleton (D:4)
  Robin (D:2)
  A howler monkey skeleton (D:4)
  20 gnolls
  15 adders
  A naga simulacrum (IceCv)
  6 river rats (Sewer)
  A shadow imp (D:6)
  A white imp (D:6)
  An ufetubus (IceCv)
  2 adder skeletons (D:4)
  4 dart slugs
  96 orcs
  9 endoplasms
  9 giant cockroaches
  20 goblins
  12 hobgoblins
  4 jackals
  9 kobolds
  2 quokkas
  13 ball pythons
  6 bats
  7 frilled lizards
  34 rats
  A bush (Lair:3)
1052 creatures vanquished.

Vanquished Creatures (collateral kills)
  Harold (Lair:1)
  A water moccasin (Lair:4)
2 creatures vanquished.

Vanquished Creatures (others)
  A howler monkey (D:11)
  An orc (D:11)
  29 fungi
  95 plants
  6 withered plants (D:15)
132 creatures vanquished.

Grand Total: 1186 creatures vanquished

Notes
Turn   | Place    | Note
-------+----------+-------------------------------------------
     0 | D:1      | DungeonHerbert the Hill Orc Fighter began the quest for the
                  | Orb.
     0 | D:1      | Reached XP level 1. HP: 19/19 MP: 1/1
   135 | D:1      | Reached skill level 3 in Axes
   244 | D:1      | Reached XP level 2. HP: 27/27 MP: 2/2
   528 | D:1      | Reached skill level 4 in Axes
   546 | D:1      | Reached XP level 3. HP: 30/33 MP: 3/3
   945 | D:2      | Noticed Terence
   997 | D:2      | Killed Terence
   998 | D:2      | Reached skill level 5 in Axes
   998 | D:2      | Reached XP level 4. HP: 32/41 MP: 4/4
  1246 | D:2      | Noticed Robin
  1257 | D:2      | Killed Robin
  1435 | D:2      | Found a radiant altar of Vehumet.
  1483 | D:2      | Reached XP level 5. HP: 18/47 MP: 5/5
  1785 | D:2      | Reached skill level 5 in Fighting
  1785 | D:2      | Reached skill level 6 in Axes
  2197 | D:2      | You fall into a shaft and drop 2 floors!
  2272 | D:4      | Noticed an ogre
  2290 | D:4      | Killed an ogre
  2291 | D:4      | Reached skill level 7 in Axes
  2291 | D:4      | Reached XP level 6. HP: 33/56 MP: 6/6
  2491 | D:3      | Identified the ring of Knowledge {rElec Str+6}
  2606 | D:3      | Found a burning altar of Makhleb.
  2612 | D:3      | Found a hazy altar of Hepliaklqana.
  2615 | D:3      | Noticed Natasha
  2618 | D:3      | Killed Natasha
  2760 | D:3      | Found a faded altar of an unknown god.
  2960 | D:3      | Noticed Natasha
  2965 | D:3      | Killed Natasha
  2966 | D:3      | Reached skill level 8 in Axes
  3006 | D:3      | Found a runed translucent door.
  3007 | D:3      | Noticed Crazy Yiuf
  3124 | D:4      | Reached XP level 7. HP: 62/63 MP: 7/7
  3542 | D:5      | Entered Level 5 of the Dungeon
  3661 | D:5      | Reached skill level 9 in Axes
  3785 | D:5      | Reached XP level 8. HP: 69/73 MP: 8/8
  3846 | D:5      | Reached skill level 10 in Axes
  4414 | D:6      | Found a glowing drain.
  4421 | D:6      | Noticed a yak
  4422 | D:6      | Noticed a yak
  4422 | D:6      | Noticed a yak
  4445 | D:6      | Killed a yak
  4446 | D:6      | Reached skill level 11 in Axes
  4450 | D:6      | Killed a yak
  4458 | D:6      | Killed a yak
  4459 | D:6      | Reached skill level 12 in Axes
  4540 | D:6      | Reached XP level 9. HP: 77/82 MP: 9/9
  4571 | Sewer    | Entered a sewer
  5034 | D:6      | Found a staircase to the Ecumenical Temple.
  5182 | D:6      | Reached skill level 13 in Axes
  5436 | Temple   | Entered the Ecumenical Temple
  5783 | Temple   | Became a worshipper of Uskayaw the Reveller
  5910 | D:7      | Reached * piety under Uskayaw
  5919 | D:7      | Reached ** piety under Uskayaw
  5951 | D:7      | Reached skill level 14 in Axes
  6106 | D:7      | Reached XP level 10. HP: 68/93 MP: 11/13
  6261 | D:7      | Reached skill level 10 in Fighting
  6271 | D:7      | Reached *** piety under Uskayaw
  6339 | D:7      | Reached skill level 5 in Invocations
  6793 | D:7      | Noticed Menkaure
  6871 | D:7      | Killed Menkaure
  7391 | D:8      | Found a flagged portal.
  7403 | Bailey   | Entered a bailey
  7447 | Bailey   | Noticed an orc knight
  7458 | Bailey   | Killed an orc knight
  7459 | Bailey   | Reached skill level 15 in Axes
  7861 | Bailey   | Noticed an orc knight
  7870 | Bailey   | Killed an orc knight
  8102 | Bailey   | Noticed a kobold demonologist
  8145 | Bailey   | Killed a kobold demonologist
  8338 | Bailey   | Found an iron altar of Okawaru.
  8338 | Bailey   | Noticed an orc sorcerer
  8561 | Bailey   | Killed an orc sorcerer
  8562 | Bailey   | Reached XP level 11. HP: 90/101 MP: 17/17
  8615 | Bailey   | Got Vuil's Guide on Transmigration and Attacks
  8838 | Bailey   | Identified the +5 battleaxe of Vanity {speed, MP+9}
  8867 | D:8      | Acquired the +4 executioner's axe of Disembowelment {venom,
                  | Will+ Dex+4 Stlth+}
  8957 | D:8      | Noticed Pikel
  8972 | D:8      | Killed Pikel
  8973 | D:8      | Reached skill level 16 in Axes
  9027 | D:8      | Noticed Grum
  9033 | D:8      | Killed Grum
  9038 | D:8      | Reached **** piety under Uskayaw
  9040 | D:8      | Reached ***** piety under Uskayaw
  9862 | D:9      | Reached ****** piety under Uskayaw
 10089 | D:9      | Reached skill level 10 in Invocations
 10298 | D:9      | Noticed spica's ghost (journeyman GrEE)
 10299 | D:9      | Noticed a stone giant
 10300 | D:9      | Found a transporter.
 10301 | D:9      | Noticed a deep elf pyromancer
 10324 | D:9      | Found a transporter.
 10559 | D:10     | Entered Level 10 of the Dungeon
 10615 | D:10     | Found a staircase to the Lair.
 10665 | D:10     | Found a staircase to the Orcish Mines.
 10990 | D:10     | Found a runed translucent gate.
 10990 | D:10     | Found a runed translucent gate.
 10992 | D:10     | Found a runed translucent gate.
 10993 | D:10     | Noticed jaiteiro's ghost (novice GnCj)
 11036 | D:10     | Reached skill level 17 in Axes
 11500 | D:10     | Found Ovu Tov's Weapon Shop.
 11559 | D:10     | Found a viscous altar of Jiyva.
 11626 | Lair:1   | Entered Level 1 of the Lair of Beasts
 11948 | Lair:1   | Reached XP level 12. HP: 112/112 MP: 20/20
 12078 | Lair:1   | Noticed Harold
 12085 | Lair:1   | Killed Harold
 12835 | Lair:2   | Noticed a six-headed hydra
 12847 | Lair:2   | Killed a six-headed hydra
 12848 | Lair:2   | Reached skill level 1 in Dodging
 12917 | Lair:2   | Found a staircase to the Shoals.
 13647 | Lair:2   | Noticed a five-headed hydra
 13653 | Lair:2   | Killed a five-headed hydra
 13654 | Lair:2   | Reached skill level 5 in Shields
 13718 | Lair:2   | Reached skill level 18 in Axes
 14185 | Lair:3   | Noticed a seven-headed hydra
 14196 | Lair:3   | Killed a seven-headed hydra
 15371 | Lair:3   | Found a runed translucent door.
 15373 | Lair:3   | Found a hole to the Spider Nest.
 15374 | Lair:3   | Noticed PentaManta's ghost (journeyman MfTm)
 15463 | Lair:3   | Noticed a six-headed hydra
 15472 | Lair:3   | Killed a six-headed hydra
 15473 | Lair:3   | Reached XP level 13. HP: 93/122 MP: 22/22
 15527 | Lair:3   | Reached skill level 5 in Armour
 16541 | Lair:4   | Noticed Snorg
 16881 | Lair:4   | Noticed Nergalle
 17945 | Lair:4   | Killed Snorg
 18051 | Lair:4   | Killed Nergalle
 18254 | Lair:4   | Reached skill level 19 in Axes
 18403 | Lair:4   | Found a broken altar of Ashenzari.
 19419 | Lair:5   | Found a runed translucent door.
 19419 | Lair:5   | Found a viscous altar of Jiyva.
 19420 | Lair:5   | Found a staircase to the Slime Pits.
 19420 | Lair:5   | Noticed an azure jelly
 19874 | Lair:6   | Entered Level 6 of the Lair of Beasts
 20030 | Lair:6   | Reached XP level 14. HP: 126/129 MP: 24/24
 20281 | Lair:6   | Reached skill level 15 in Invocations
 21722 | Lair:6   | Reached skill level 20 in Axes
 23269 | D:11     | Reached skill level 5 in Dodging
 25598 | D:13     | Reached XP level 15. HP: 131/139 MP: 27/27
 25977 | D:13     | Found a gate to the Vaults.
 26383 | D:14     | Found a gate leading to a gauntlet.
 26389 | Gauntlet | Entered a Gauntlet
 26389 | Gauntlet | Found a large runed translucent door.
 26389 | Gauntlet | Found a large runed translucent door.
 26389 | Gauntlet | Found a large runed translucent door.
 26389 | Gauntlet | Found a large runed translucent door.
 26389 | Gauntlet | Found a large runed translucent door.
 26389 | Gauntlet | Found a large runed translucent door.
 26389 | Gauntlet | Found a large runed translucent door.
 26389 | Gauntlet | Found a large runed translucent door.
 26389 | Gauntlet | Found a runed translucent door.
 26389 | Gauntlet | Found a runed translucent gate.
 26389 | Gauntlet | Found a transporter.
 26389 | Gauntlet | Found a transporter.
 26389 | Gauntlet | Found a runed translucent gate.
 26389 | Gauntlet | Found a transporter.
 26543 | Gauntlet | Found a transporter.
 26546 | Gauntlet | Found a transporter.
 26547 | Gauntlet | Found a runed translucent gate.
 26547 | Gauntlet | Found a runed translucent door.
 26551 | Gauntlet | Found a large runed translucent door.
 26551 | Gauntlet | Found a large runed translucent door.
 26567 | Gauntlet | Found a transporter.
 26588 | Gauntlet | Found a large runed translucent door.
 26588 | Gauntlet | Found a large runed translucent door.
 26591 | Gauntlet | Found a large runed translucent door.
 26591 | Gauntlet | Found a large runed translucent door.
 26592 | Gauntlet | Found a large runed translucent door.
 26593 | Gauntlet | Found a large runed translucent door.
 26622 | Gauntlet | Found a transporter.
 26632 | Gauntlet | Found a transporter.
 26647 | Gauntlet | Found a transporter.
 26657 | Gauntlet | Found a transporter.
 26672 | Gauntlet | Found a transporter.
 26678 | Gauntlet | Found a transporter.
 27152 | Gauntlet | Got the Catalogue of the Compass and Confrontation
 27637 | D:14     | Found a runed translucent door.
 27649 | D:14     | Noticed a lich
 27659 | D:14     | Noticed Ytheofip's ghost (journeyman FoFi)
 27661 | D:14     | Found a runed translucent door.
 27706 | D:14     | Reached skill level 21 in Axes
 28419 | D:14     | Found a shadowy altar of Dithmenos.
 28503 | D:15     | Entered Level 15 of the Dungeon
 30142 | D:15     | Found a staircase to the Depths.
 30412 | Orc:1    | Entered Level 1 of the Orcish Mines
 30412 | Orc:1    | Found a roughly hewn altar of Beogh.
 30803 | Orc:2    | Entered Level 2 of the Orcish Mines
 30811 | Orc:2    | Found a frozen archway.
 30829 | IceCv    | Entered an ice cave
 31112 | IceCv    | Reached skill level 22 in Axes
 31725 | Orc:2    | Noticed Maurice
 31735 | Orc:2    | Killed Maurice
 31741 | Orc:2    | Reached XP level 16. HP: 143/147 MP: 13/28
 31748 | Orc:2    | Noticed Azrael
 32019 | Orc:2    | Killed Azrael
 32675 | Orc:2    | Found Igaimam's Distillery.
 32682 | Orc:2    | Found Kafya's General Store.
 33170 | Orc:2    | Reached skill level 23 in Axes
 33264 | Orc:2    | Found a staircase to the Elven Halls.
 33650 | Orc:2    | Gained mutation: Your magical capacity is low. (-10% MP) [a
                  | neqoxec]
 33677 | Orc:2    | Found Sankiw's Antique Armour Shoppe.
 33677 | Orc:2    | Found Atimudof's Jewellery Emporium.
 33677 | Orc:2    | Found a one-way gate leading to the halls of Pandemonium.
 34499 | D:3      | Noticed Natasha
 34503 | D:3      | Killed Natasha
 34557 | D:3      | Killed Crazy Yiuf
 34842 | Orc:2    | Bought a ring of poison resistance for 280 gold pieces
 35001 | Spider:1 | Entered Level 1 of the Spider Nest
 35008 | Spider:1 | Reached skill level 24 in Axes
 35724 | Spider:1 | Reached skill level 15 in Fighting
 37529 | Spider:2 | Reached XP level 17. HP: 110/156 MP: 20/27
 37744 | Spider:2 | Identified the +3 hand axe of Reakhlop {pain, rF+}
 37973 | Spider:2 | Noticed Jorgrun
 37995 | Spider:2 | Killed Jorgrun
 39887 | Spider:3 | Reached skill level 10 in Armour
 40163 | Spider:4 | Entered Level 4 of the Spider Nest
 42717 | Spider:4 | HP: 5/150 [redback (11)]
 42720 | Spider:4 | HP: 2/150 [spark wasp (20)]
 42720 | Spider:4 | Slain by a spark wasp

Illustrated notes

Levels and vault maps discovered:
D:1:      scummos_arrival_forest, layout_rooms
D:2:      layout_basic, basic_altar, uniq_terence, uniq_robin
D:3:      layout_rooms, mainiacjoe_overflow_large_starburst,
          basic_ecumenical_altar, kennysheep_generic_room_11, uniq_natasha,
          uniq_crazy_yiuf_cottage
D:4:      layout_cave_pools
D:5:      layout_rooms, dk_noncrumbling_2, minmay_fountain_box,
          grunt_decor_one_mirror, minmay_misc_feat_doors, bh_walls_and_bars
D:6:      layout_basic, temple_pool_b, gup_sewer_entry_glass, minmay_manual_mail
D:7:      layout_basic, uniq_menkaure
D:8:      layout_loops_ring, enter_bailey_3, uniq_grum, uniq_pikel
D:9:      layout_rooms, gammafunk_ghost_arena, water_maze_lemuel
D:10:     layout_loops_corners, lair_entry_dummy, hiddenorc2_lemuel,
          serial_shops, nicolae_take_the_stairs, gammafunk_ghost_ooze
D:11:     layout_basic, fountainhead, minmay_circle_x
D:12:     layout_stronghold
D:13:     layout_roguey, david_vaults_4
D:14:     layout_loops_ring, gauntlet_entry_generic,
          muffindrake_ghost_dual_entry, grunt_dithmenos_smoke, minivault_16
D:15:     gammafunk_depths_entry_grave, layout_cave_pools,
          hangedman_decor_clover_reticule
Temple:   mainiacjoe_temple_cubbyholes
Lair:1:   layout_layer_cave, lemuel_fruit_fields, lemuel_fruit_tree, uniq_harold
Lair:2:   layout_cave_pods, elwin_shoals_entry_stream, grunt_megastairs_4
Lair:3:   layout_chaotic_city, spider_nest_entry_rubble,
          hellmonk_ghost_happy_afterlife, beast_lair_carwin_2,
          grunt_megastairs_2
Lair:4:   layout_roguey, lemuel_centaur_altar, uniq_nergalle, uniq_snorg
Lair:5:   layout_cellular_growth, slime_altar_2, st_stairs_13,
          grunt_megastairs_1
Lair:6:   minmay_lair_end_frog_pond, layout_hall_layers
Spider:1: layout_spider_delve, beargit_elvish_explorers
Spider:2: layout_chambers, hive_lemuel, uniq_jorgrun
Spider:3: layout_spider_delve
Spider:4: grunt_spider_rune_parallel
Orc:1:    layout_caves, basic_altar, nicolae_orc_stony_grotto
Orc:2:    pf_orc_diabolical, layout_caves, portal_ice_cave_rime,
          hellmonk_bongcloud_opening, uniq_azrael, uniq_maurice

Skill      XL: |  1  2  3  4  5  6  7  8  9 10 11 12 13 14 15 16 17 |
---------------+----------------------------------------------------+-----
Axes           | 3 4 5 7 8 9 12 14 15 17 18 19 20 22 24 | 24.8
Fighting       | 4 5 6 7 8 9 10 12 13 14 15 16 | 16.1
Invocations    | 4 8 11 13 14 16 17 18 19 | 19.9
Dodging        | 2 4 5 6 7 |  7.5
Shields        | 6 8 |  8.9
Armour         | 4 6 7 8 9 10 | 10.5

Action                   |  1- 3 |  4- 6 |  7- 9 | 10-12 | 13-15 | 16-18 || total
-------------------------+-------+-------+-------+-------+-------+-------++-------
Melee: War axe           |   102 |   114 |   284 |   118 |       |       ||   618
       Broad axe         |       |       |       |   141 |    72 |       ||   213
       Battleaxe         |       |       |       |   250 |   754 |       ||  1004
       Flail             |       |       |       |    15 |    53 |       ||    68
       Executioner's axe |       |       |       |       |   149 |   633 ||   782
Throw: Javelin           |       |       |       |     9 |     3 |       ||    12
Evoke: Wand              |       |       |       |    10 |     4 |       ||    14
  Use: Scroll            |     4 |     5 |     9 |    20 |    10 |     4 ||    52
       Potion            |     2 |       |       |     1 |     6 |    10 ||    19
 Stab: Paralysed         |       |       |       |    50 |   110 |    64 ||   224
       Invisible         |       |       |       |     1 |       |     7 ||     8
Armor: Scale mail        |    49 |    47 |   116 |   160 |   312 |       ||   684
       Ring mail         |       |       |       |       |    65 |       ||    65
       Plate armour      |       |       |       |       |    46 |   453 ||   499
Dodge: Dodged            |    46 |    42 |    95 |   136 |   365 |   263 ||   947
Block: Buckler           |    20 |    14 |    49 |    13 |       |       ||    96
       Kite shield       |       |       |       |    28 |    91 |       ||   119
       Other             |       |       |       |       |       |    98 ||    98
       Reflection        |       |       |       |       |       |     1 ||     1
